 Dungeon Crawl Stone Soup version 0.28-a0-655-g4eb62b627b (webtiles) character file.

Game seed: 11511885031022732025

697 jasper the Destroyer (level 7, -1/70 HPs)
             Began as a Demonspawn Hedge Wizard on Oct 12, 2021.
             Slain by Pikel (5 damage)
             ... on level 5 of the Dungeon.
             The game lasted 00:09:00 (5000 turns).

jasper the Destroyer (Demonspawn Hedge Wizard)      Turns: 5000, Time: 00:09:01

Health: -1/70      AC: 23    Str: 11    XL:     7   Next: 38%
Magic:  3/11       EV:  2    Int: 17    God:
Gold:   185        SH:  0    Dex: 12    Spells: 2/12 levels left

rFire   . . .      SeeInvis .   (no weapon)
rCold   . . .      Faith    .   (no shield)
rNeg    . . .      Spirit   .   (armour currently unavailable)
rPois   +          Reflect  .   (helmet currently unavailable)
rElec   .          Harm     .   (cloak currently unavailable)
rCorr   .          Rampage  .   (gloves currently unavailable)
Will    .....      NoTele   +   (boots currently unavailable)
Stlth   ++........              (no amulet)
HPRegen 0.21/turn               g - +4 ring of evasion
MPRegen 0.12/turn               j - ring of wizardry

@: tree-form
A: stationary, stasis, torment immunity, boosted hp, ignite blood 1, (spiny 1),
(sanguine armour 1), (weakness stinger 1)
a: no special abilities


You were on level 5 of the Dungeon.
You were a tree.
You visited 1 branch of the dungeon, and saw 5 of its levels.

You collected 185 gold pieces.

Inventory:

Hand Weapons
 a - a +0 dagger
 o - a +1 vampiric dagger
Missiles
 d - 123 stones
 i - 4 boomerangs
 m - 16 poisoned darts
Armour
 b - a +0 robe (melded)
 c - a +0 hat (melded)
 k - a +2 cloak (melded)
 q - a +0 pair of boots (melded)
Jewellery
 g - a +4 ring of evasion (left branch)
 j - a ring of wizardry (right branch)
 l - a ring of resist corrosion
Scrolls
 p - 5 scrolls of teleportation
Potions
 e - a potion of attraction
 h - a potion of flight
 s - 2 potions of degeneration {unknown}
 t - a potion of curing {unknown}


   Skills:
 + Level 0.3 Fighting
 + Level 1.9 Dodging
 - Level 1.7 Stealth
 + Level 3.0 Spellcasting
 - Level 8.0 Conjurations
 - Level 1.0 Summonings
 - Level 0.8 Translocations


You had 2 spell levels left.
You knew the following spells:

 Your Spells              Type           Power      Damage    Failure   Level
a - Magic Dart            Conj           100%       1d8       1%          1
b - Call Imp              Summ           6%         N/A       7%          2
c - Blink                 Tloc           N/A        N/A       8%          2
d - Slow                  Hex            2%         N/A       11%         2
e - Mephitic Cloud        Conj/Pois/Air  11%        N/A       7%          3

Your spell library contained the following spells:

 Spells                   Type           Power      Damage    Failure   Level
 Conjure Flame            Conj/Fire      16%        6-21      4%          3
 Frozen Ramparts          Ice            4%         1d2       21%         3
 Summon Ice Beast         Ice/Summ       4%         N/A       45%         4
 Ice Form                 Ice/Tmut       2%         N/A       52%         4


Dungeon Overview and Level Annotations

Branches:
Dungeon (5/15)
 Temple: D:4-7

Altars:
Ashenzari
Fedhas
Makhleb

Annotations:
D:5 Pikel


Innate Abilities, Weirdness & Mutations

You are a tree.
Your roots penetrate the ground, keeping you stationary.
You cannot be teleported.
You are immune to unholy pain and torment.
Your maximum health is greatly increased.
Your equipment is partially melded.
Your demonic aura sometimes causes spilled blood to erupt in flames.
((You are partially covered in sharp spines.))
((When seriously injured, your bleeding wounds create armour. (AC +0)))
((You have a small tail.))


Message History

Your white imp closely misses the lemure.
You now have 15/70 hp.
You feel the dreadful sensation subside.
You are now empty-handed.
You hit the lemure.
The lemure is lightly wounded.
The lemure hits you.
* * * LOW HITPOINT WARNING * * *
The lemure hits your white imp.
Your white imp dies!
Your white imp disappears in a puff of smoke!
You take 6 damage, and have 9/70 hp.
You hit the lemure.
The lemure is moderately wounded.
The lemure hits you but does no damage. The lemure barely misses you.
You hit the lemure.
The lemure is moderately wounded.
The lemure hits you.
* * * LOW HITPOINT WARNING * * *
The lemure hits you but does no damage.
You take 1 damage, and have 9/70 hp.
You hit Pikel but do no damage.
Pikel is moderately wounded.
The lemure hits you but does no damage. Pikel hits you but does no damage.
You hit Pikel.
Pikel is moderately wounded.
The lemure hits you but does no damage. The lemure hits you.
* * * LOW HITPOINT WARNING * * *
Pikel hits you but does no damage. The lemure hits you but does no damage.
You take 2 damage, and have 7/70 hp.
You hit Pikel but do no damage.
Pikel is moderately wounded.
The lemure hits you but does no damage. x2; Pikel hits you but does no damage.
The lemure hits you but does no damage.
You hit Pikel.
Pikel is moderately wounded.
The lemure hits you but does no damage. The lemure hits you.
* * * LOW HITPOINT WARNING * * *
Pikel hits you with a +0 whip of freezing.
You die...

#........###..........
#........### ........
#..........#######....
#............# #....
#.....†......# #....
#............# #....
#...)........# #....
###...###....# #....
#.5♣###....# #....
#.K55......#####....
#...)))..####.......
#........# #....###
#........####....###
###...................
...............#...##.
.......##.............
........##...[......##.


You could see Pikel and 3 lemures.

Vanquished Creatures
  A necrophage (D:5)
  2 ogres (D:4)
  A lemure (D:5)
  A scorpion (D:4)
  A water moccasin skeleton (D:5)
  A hound (D:5)
  2 orc priests
  An iguana (D:5)
  7 adders
  A worm (D:3)
  A dart slug (D:5)
  2 orcs
  4 bats
  7 endoplasms
  5 giant cockroaches
  2 hobgoblins
  2 jackals (D:1)
  3 quokkas
  11 ball pythons
  6 goblins
  6 kobolds
  4 rats
71 creatures vanquished.

Vanquished Creatures (collateral kills)
  A scorpion (D:5)
  An iguana (D:4)
  5 orcs
  A jackal (D:1)
8 creatures vanquished.

Grand Total: 79 creatures vanquished

Notes
Turn   | Place    | Note
-------+----------+-------------------------------------------
     0 | D:1      | jasper the Demonspawn Hedge Wizard began the quest for the
                  | Orb.
     0 | D:1      | Reached XP level 1. HP: 13/13 MP: 4/4
   303 | D:1      | Reached skill level 2 in Conjurations
   377 | D:1      | Gained mutation: Your demonic aura sometimes causes spilled
                  | blood to erupt in flames. [demonic ancestry]
   377 | D:1      | Reached XP level 2. HP: 19/19 MP: 4/6
   380 | D:1      | Learned a level 2 spell: Call Imp
   383 | D:1      | Learned a level 2 spell: Blink
   386 | D:1      | Learned a level 2 spell: Slow
   919 | D:1      | Reached skill level 3 in Conjurations
  1168 | D:2      | Reached XP level 3. HP: 23/24 MP: 0/7
  1520 | D:2      | Found a faded altar of an unknown god.
  2515 | D:3      | Gained mutation: You have a small tail. [demonic ancestry]
  2515 | D:3      | Reached XP level 4. HP: 30/30 MP: 0/8
  2596 | D:3      | Reached skill level 4 in Conjurations
  3093 | D:4      | Noticed a scorpion
  3128 | D:4      | Killed a scorpion
  3129 | D:4      | Reached skill level 5 in Conjurations
  3129 | D:4      | Reached XP level 5. HP: 34/35 MP: 2/9
  3300 | D:4      | Noticed an ogre
  3314 | D:4      | Killed an ogre
  3448 | D:4      | Reached skill level 6 in Conjurations
  3453 | D:4      | Gained mutation: When seriously injured, your bleeding
                  | wounds create armour. (AC +0) [demonic ancestry]
  3453 | D:4      | Reached XP level 6. HP: 8/41 MP: 4/10
  3464 | D:4      | Learned a level 3 spell: Mephitic Cloud
  4018 | D:5      | Entered Level 5 of the Dungeon
  4053 | D:5      | Reached skill level 7 in Conjurations
  4249 | D:5      | Found a broken altar of Ashenzari.
  4249 | D:5      | Noticed a wraith
  4250 | D:5      | Found a burning altar of Makhleb.
  4251 | D:5      | Found a blossoming altar of Fedhas.
  4251 | D:5      | Noticed a two-headed ogre
  4252 | D:5      | Noticed a hornet
  4322 | D:5      | Gained mutation: You are partially covered in sharp spines.
                  | [demonic ancestry]
  4322 | D:5      | Reached XP level 7. HP: 21/46 MP: 1/11
  4701 | D:5      | Reached skill level 8 in Conjurations
  4977 | D:5      | Noticed Pikel
  5000 | D:5      | Slain by Pikel

Illustrated notes

Levels and vault maps discovered:
D:1:      nicolae_arrival_washed_ashore, layout_rooms
D:2:      layout_rooms, chequers_ecumenical_altar_island
D:3:      layout_loops_ring
D:4:      layout_cave_pools
D:5:      layout_basic, gammafunk_temple_overflow_arena, uniq_pikel,
          uniq_crazy_yiuf_cottage

Skill      XL: |  1  2  3  4  5  6  7 |
---------------+----------------------+-----
Conjurations   | 2 3 5 6 7 8 |  8.0
Fighting       | |  0.3
Dodging        | |  1.9
Stealth        | |  1.7
Spellcasting   | |  3.0
Summonings     | |  1.0
Translocations | |  0.8

Action                   |  1- 3 |  4- 6 |  7- 9 || total
-------------------------+-------+-------+-------++-------
Melee: Dagger            |    51 |    18 |    23 ||    92
       Unarmed           |       |    16 |     7 ||    23
       Tailslap          |       |     2 |     4 ||     6
 Cast: Magic Dart        |    98 |    63 |    33 ||   194
       Call Imp          |     4 |    12 |     6 ||    22
       Blink             |       |     1 |       ||     1
  Use: Scroll            |       |     9 |       ||     9
       Potion            |       |     3 |     1 ||     4
 Stab: Sleeping          |     1 |       |       ||     1
Armor: Robe              |    15 |    11 |     9 ||    35
       Skin              |       |    13 |    12 ||    25
Dodge: Dodged            |    50 |    32 |    21 ||   103

Table legend: (Time is in decaauts)
 A = Elapsed time spent in this place.
 B = Non-inter-level travel time spent in this place.
 C = Inter-level travel time spent in this place.
 D = Time resting spent in this place.
 E = Time spent auto-exploring this place.
 F = Levels seen in this place.
 G = Mean time per level.
                   A        B        C        D        E       F      G
               +--------+--------+--------+--------+--------+-----+--------+
         Total |   4998 |   4892 |    106 |    319 |   3920 |   5 |  999.6 |
       Dungeon |   4998 |   4892 |    106 |    319 |   3920 |   5 |  999.6 |
               +--------+--------+--------+--------+--------+-----+--------+

Top non-repeatable levels by time:
     D:3: 1303 daAuts
     D:1: 1140 daAuts
     D:5: 981 daAuts
     D:4: 937 daAuts
     D:2: 635 daAuts
